AoeStats
← 萱你在吗

Black Forest

508950673Analyzed
4v4 RM · 7d ago on Sep 24, 2026· 40m 15s· 8 players
Game mode
Random Map
Map size
Large (8 player)
Population
200
Speed
Normal
Resources
Standard
Victory
Conquest
Starting age
Dark Age
Ending age
Imperial Age
RankedLock teamsTeams togetherTeam positionsShared explorationLock speedFull tech treeHidden civsTurbo modeCheats
Victory
Defeat
🇵🇱 Varangians · Poland
1258
+13
🇲🇽 Vikings · Mexico
1232
+14
🇩🇪 Magyars · Germany
1217
+15
🇫🇮 Burgundians · Finland
1192
+16
🇨🇳 Vikings · China
1239
-16
🇨🇴 Persians · Colombia
1206
-15
🇲🇽 Romans · Mexico
1201
-15
🇲🇽 Khmer · Mexico
1139
-12
Finarfin
2:28 Loom
4:30 Double-Bit Axe
6:38 Wheelbarrow
9:22 Feudal Age
10:15 Bow Saw
12:51 Hand Cart
14:22 Gold Mining
16:37 Gold Shaft Mining
15:53 Fishing Lines
16:59 Gillnets
20:59 Castle Age
19:50 Stone Mining
19:42 Horse Collar
21:02 Heavy Plow
21:38 Stone Shaft Mining
22:16 Crop Rotation
23:01 Two-Man Saw
28:53 Town Watch
29:16 Caravan
29:27 Guilds
29:48 Coinage
32:24 Imperial Age
30:00 Padded Archer Armor
30:29 Town Patrol
30:58 Leather Archer Armor
31:39 Fletching
32:01 Masonry
31:34 Treadmill Crane
31:51 Murder Holes
32:19 Burgundian Vineyards
33:01 Masonry
33:36 Conscription
33:57 Banking
34:32 Chemistry
33:55 Ballistics
33:46 Fortified Wall
33:50 Bodkin Arrow
34:35 Bracer
35:09 Architecture
36:44 Bombard Tower
Imperial Skirmisher
1:02 Loom
11:17 Feudal Age
11:25 Man-at-Arms
12:00 Double-Bit Axe
13:31 Town Watch
22:37 Castle Age
23:33 Bow Saw
25:54 Fletching
29:22 Imperial Age
27:01 Bodkin Arrow
27:39 Fortified Wall
27:59 Padded Archer Armor
29:29 Leather Archer Armor
29:10 Gold Mining
30:20 Ballistics
29:23 Crossbowman
31:10 Bracer
32:55 Conscription
33:09 Ring Archer Armor
32:53 Masonry
34:33 Chemistry
35:14 Gold Shaft Mining
35:18 Arbalester
38:47 Two-Man Saw
39:51 Bogsveigar
40:31 Hoardings
Frosty zockt
12:17 Feudal Age
16:28 Castle Age
14:56 Double-Bit Axe
16:15 Loom
17:07 Wheelbarrow
18:21 Fishing Lines
21:36 Horse Collar
22:03 Gillnets
23:27 Heavy Plow
27:24 Scale Barding Armor
27:41 Hand Cart
27:46 Bow Saw
27:28 Gold Mining
28:32 Chain Barding Armor
29:08 Bloodlines
32:39 Imperial Age
31:01 Gold Shaft Mining
30:17 Stone Mining
30:23 Stone Mining
30:57 Ballistics
30:18 Treadmill Crane
30:30 Fletching
30:41 Padded Archer Armor
31:15 Bodkin Arrow
31:36 Husbandry
32:23 Masonry
32:39 Leather Archer Armor
33:43 Conscription
32:59 Cavalier
34:26 Plate Barding Armor
33:52 Bracer
34:23 Ring Archer Armor
34:59 Chemistry
35:41 Two-Man Saw
35:14 Crop Rotation
35:11 Paladin
36:08 Heavy Cavalry Archer
37:15 Parthian Tactics
37:33 Recurve Bow
38:57 Corvinian Army
38:18 Elite Magyar Huszar
Czotyn
6:18 Loom
10:46 Feudal Age
14:46 Castle Age
13:02 Double-Bit Axe
13:23 Horse Collar
25:11 Bow Saw
24:55 Gold Mining
25:44 Wheelbarrow
25:41 Fishing Lines
26:10 Heavy Plow
30:20 Imperial Age
28:15 Stone Mining
28:47 Hand Cart
28:46 Forging
28:59 Scale Barding Armor
29:29 Town Watch
30:21 Iron Casting
31:06 Stone Shaft Mining
30:57 Caravan
31:40 Conscription
32:37 Two-Man Saw
32:09 Crop Rotation
31:52 Elite Jarl
34:49 Blast Furnace
33:49 Scale Mail Armor
36:20 Chain Barding Armor
MTensei
12:21 Feudal Age
16:35 Castle Age
15:34 Gold Mining
17:22 Double-Bit Axe
17:27 Loom
18:12 Stone Mining
18:36 Horse Collar
26:07 Wheelbarrow
25:24 Town Watch
28:59 Bow Saw
31:29 Imperial Age
30:28 Bloodlines
31:51 Hand Cart
32:41 Scale Barding Armor
32:47 Forging
33:18 Stone Shaft Mining
32:56 Heavy Plow
34:31 Conscription
34:47 Chain Barding Armor
35:03 Iron Casting
34:42 Husbandry
35:06 Double Crossbow
36:04 Elite Ballista Elephant
39:18 Chemistry
萱你在吗
3:54 Loom
10:45 Feudal Age
14:40 Castle Age
12:41 Double-Bit Axe
13:04 Horse Collar
18:31 Bow Saw
19:59 Loom
20:09 Town Watch
22:41 Heavy Plow
22:57 Gold Mining
22:59 Stone Mining
26:00 Gold Shaft Mining
28:27 Imperial Age
26:55 Scale Mail Armor
27:05 Forging
28:54 Squires
28:39 Arson
29:18 Chain Mail Armor
29:38 Iron Casting
30:55 Two-Man Saw
30:00 Elite Varangian Guard
31:14 Plate Mail Armor
31:19 Crop Rotation
30:21 Capped Ram
31:26 Conscription
31:15 Chieftains
33:12 Chemistry
33:56 Blast Furnace
35:29 Siege Ram
CTM | Kiara
11:21 Feudal Age
10:34 Loom
15:58 Castle Age
18:38 Wheelbarrow
24:25 Fishing Lines
29:47 Gillnets
29:50 Double-Bit Axe
31:13 Hand Cart
31:24 Scale Barding Armor
31:30 Forging
34:52 Imperial Age
32:36 Bow Saw
33:05 Gold Mining
33:07 Stone Mining
33:47 Chain Barding Armor
33:42 Town Watch
34:34 Gold Shaft Mining
34:37 Stone Shaft Mining
33:47 Horse Collar
35:26 Iron Casting
35:16 Elite War Elephant
36:00 Devotion
37:36 Plate Barding Armor
38:02 Blast Furnace
37:18 Bloodlines
37:08 Husbandry
37:40 Heavy Camel Rider
39:34 Conscription
40:15 Fletching
Queondacompa
1:58 Loom
12:49 Feudal Age
16:23 Wheelbarrow
15:33 Town Watch
21:19 Castle Age
22:19 Fletching
25:13 Horse Collar
26:54 Double-Bit Axe
29:30 Heavy Plow
30:16 Gold Mining
30:21 Stone Mining
37:15 Imperial Age
35:22 Squires
34:43 Man-at-Arms
35:27 Scale Mail Armor
35:24 Bodkin Arrow
38:36 Imperial Age
Connection lost

Rejoining the realm…

Still unreachable

The connection could not be restored.

Session expired

The server has moved on; the page needs a fresh start.